NYP
MAHONING VALLEY SCRAPPERS @ VERMONT LAKE MONSTERS
10/02/2049
 
TOP OF THE 1ST
Mahoning Valley Scrappers batting - Pitching for Vermont Lake Monsters : RHP Jesse Clark
Pitching: RHP Jesse Clark
Batting: LHB Kazuyoshi Nakamura 0-0: Foul Ball, location: 2F
0-1: Ground out 5-3 (Groundball, 56, EV 82.5 MPH)
Batting: RHB Jose Argueta 0-0: Ground out 4-3 (Groundball, 4, EV 97.5 MPH)
Batting: LHB Matt Steinke 0-0: Fly out, F9 (Line Drive, 9D, EV 105.6 MPH)
Top of the 1st over - 0 runs, 0 hits, 0 errors, 0 left on base; Mahoning Valley 0 - Vermont 0
BOTTOM OF THE 1ST
Vermont Lake Monsters batting - Pitching for Mahoning Valley Scrappers : RHP Mike Staley
Pitching: RHP Mike Staley
Batting: RHB Alberto Malagon 0-0: Foul Ball, location: 2F
0-1: Hit by Pitch
Batting: RHB Tetsuya Shinoda 0-0: Ball
1-0: Foul Ball, location: 2F
1-1: Foul Ball, location: 2F
1-2: Ball
2-2: Foul Ball, location: 2F
2-2: Foul Ball, location: 2F
2-2: Strikes out swinging
Batting: RHB Amare Brown 0-0: Called Strike
0-1: Foul Ball, location: 2F
0-2: Fielders Choice at 2nd, 4-6 (Groundball, 4MD, EV 113.1 MPH)
Batting: RHB Ryan Jennings 0-0: Foul Ball, location: 2F
0-1: Called Strike
0-2: Strikes out swinging
Bottom of the 1st over - 0 runs, 0 hits, 0 errors, 1 left on base; Mahoning Valley 0 - Vermont 0
TOP OF THE 2ND
Mahoning Valley Scrappers batting - Pitching for Vermont Lake Monsters : RHP Jesse Clark
Batting: LHB Brandon Hopper 0-0: Ground out 6-3 (Groundball, 56, EV 91.2 MPH)
Batting: RHB Chris Folse 0-0: Fly out, F8 (Flyball, 8LS, EV 85.6 MPH)
Batting: LHB Dave Key 0-0: Called Strike
0-1: SOLO HOME RUN (Flyball, 9D, EV 101.9 MPH), Distance : 376 ft
Batting: RHB Jonathan Livingston 0-0: Swinging Strike
0-1: Ground out U3 (Groundball, 34S, EV 86.9 MPH)
Top of the 2nd over - 1 run, 1 hit, 0 errors, 0 left on base; Mahoning Valley 1 - Vermont 0
BOTTOM OF THE 2ND
Vermont Lake Monsters batting - Pitching for Mahoning Valley Scrappers : RHP Mike Staley
Batting: RHB Edgardo Rivera 0-0: Ball
1-0: Ball
2-0: Ball
3-0: Called Strike
3-1: TRIPLE (Flyball, 78XD, EV 108.1 MPH)
Batting: RHB Todd Vanasco 0-0: Called Strike
0-1: Foul Ball, location: 2F
0-2: Ball
1-2: Ball
2-2: Strikes out swinging
Batting: RHB Jon Coleman 0-0: Ball
1-0: Fly out, F7 (Flyball, 7S, EV 85.0 MPH)
Batting: SHB Matt Sybrant 0-0: Ground out U3 (Groundball, 3, EV 81.9 MPH)
Bottom of the 2nd over - 0 runs, 1 hit, 0 errors, 1 left on base; Mahoning Valley 1 - Vermont 0
TOP OF THE 3RD
Mahoning Valley Scrappers batting - Pitching for Vermont Lake Monsters : RHP Jesse Clark
Batting: LHB Rich Walker 0-0: Ball
1-0: Called Strike
1-1: Fly out, F8 (Flyball, 8RS, EV 87.5 MPH)
Batting: RHB John Bianconi 0-0: Ball
1-0: Called Strike
1-1: Swinging Strike
1-2: Strikes out swinging
Batting: LHB Kazuyoshi Nakamura 0-0: Ball
1-0: Fly out, F7 (Flyball, 78S, EV 92.5 MPH)
Top of the 3rd over - 0 runs, 0 hits, 0 errors, 0 left on base; Mahoning Valley 1 - Vermont 0
BOTTOM OF THE 3RD
Vermont Lake Monsters batting - Pitching for Mahoning Valley Scrappers : RHP Mike Staley
Batting: SHB Steve Salafia 0-0: Ball
1-0: Ball
2-0: Ball
3-0: Called Strike
3-1: Ground out 4-3 (Groundball, 4, EV 96.2 MPH)
Batting: RHB Alberto Malagon 0-0: Called Strike
0-1: Ground out 5-3 (Groundball, 56, EV 102.5 MPH)
Batting: RHB Tetsuya Shinoda 0-0: Fly out, F7 (Flyball, 7LSF, EV 71.2 MPH)
Bottom of the 3rd over - 0 runs, 0 hits, 0 errors, 0 left on base; Mahoning Valley 1 - Vermont 0
TOP OF THE 4TH
Mahoning Valley Scrappers batting - Pitching for Vermont Lake Monsters : RHP Jesse Clark
Batting: RHB Jose Argueta 0-0: Hit by Pitch
Batting: LHB Matt Steinke 0-0: Ball
Jose Argueta steals 2nd base
1-0: Foul Ball, location: 2F
1-1: Hit by Pitch
Batting: LHB Brandon Hopper 0-0: Called Strike
0-1: Called Strike
0-2: Strikes out looking
Batting: RHB Chris Folse 0-0: Ball
1-0: Grounds into double play, 4-6-3 (Groundball, 4S, EV 86.2 MPH)
Top of the 4th over - 0 runs, 0 hits, 0 errors, 1 left on base; Mahoning Valley 1 - Vermont 0
BOTTOM OF THE 4TH
Vermont Lake Monsters batting - Pitching for Mahoning Valley Scrappers : RHP Mike Staley
Batting: RHB Amare Brown 0-0: Called Strike
0-1: Ball
1-1: Foul Ball, location: 2F
1-2: Ball
2-2: Ball
3-2: Fly out, F8 (Flyball, 8LXD, EV 95.0 MPH)
Batting: RHB Ryan Jennings 0-0: Foul Ball, location: 2F
0-1: Swinging Strike
0-2: Foul Ball, location: 2F
0-2: Ball
1-2: Ball
2-2: Foul Ball, location: 2F
2-2: Ball
3-2: Foul Ball, location: 2F
3-2: Strikes out swinging
Batting: RHB Edgardo Rivera 0-0: Called Strike
0-1: Foul Ball, location: 2F
0-2: Foul Ball, location: 2F
0-2: Ball
1-2: Ball
2-2: Strikes out looking
Bottom of the 4th over - 0 runs, 0 hits, 0 errors, 0 left on base; Mahoning Valley 1 - Vermont 0
TOP OF THE 5TH
Mahoning Valley Scrappers batting - Pitching for Vermont Lake Monsters : RHP Jesse Clark
Batting: LHB Dave Key 0-0: Foul Ball, location: 2F
0-1: Fly out, F7 (Line Drive, 78M, EV 100.6 MPH)
Batting: RHB Jonathan Livingston 0-0: Ball
1-0: Ball
2-0: Ball
3-0: Called Strike
3-1: Foul Ball, location: 2F
3-2: Ground out 5-3 (Groundball, 5, EV 85.6 MPH)
Batting: LHB Rich Walker 0-0: Called Strike
0-1: Ball
1-1: Swinging Strike
1-2: Strikes out swinging
Top of the 5th over - 0 runs, 0 hits, 0 errors, 0 left on base; Mahoning Valley 1 - Vermont 0
BOTTOM OF THE 5TH
Vermont Lake Monsters batting - Pitching for Mahoning Valley Scrappers : RHP Mike Staley
Batting: RHB Todd Vanasco 0-0: Ball
1-0: Swinging Strike
1-1: Fly out, F8 (Line Drive, 89M, EV 105.0 MPH)
Batting: RHB Jon Coleman 0-0: Ball
1-0: SINGLE (Groundball, 6MD, EV 98.8 MPH)
Batting: SHB Matt Sybrant 0-0: Ball
1-0: Grounds into double play, 4-6-3 (Groundball, 4, EV 102.5 MPH)
Bottom of the 5th over - 0 runs, 1 hit, 0 errors, 0 left on base; Mahoning Valley 1 - Vermont 0
TOP OF THE 6TH
Mahoning Valley Scrappers batting - Pitching for Vermont Lake Monsters : RHP Jesse Clark
Batting: RHB John Bianconi 0-0: Called Strike
0-1: Ball
1-1: Ground out 5-3 (Groundball, 56S, EV 84.4 MPH)
Batting: LHB Kazuyoshi Nakamura 0-0: Foul Ball, location: 2F
0-1: Ball
1-1: TRIPLE (Line Drive, 89XD, EV 101.2 MPH)
Batting: RHB Jose Argueta 0-0: Called Strike
0-1: Hit by Pitch
Batting: LHB Matt Steinke 0-0: Fly out, F7 (Flyball, 78M, EV 87.5 MPH)
Batting: LHB Brandon Hopper 0-0: Ball
1-0: Called Strike
1-1: Called Strike
1-2: Foul Ball, location: 2F
1-2: Ball
2-2: Foul Ball, location: 2F
2-2: Ball
3-2: Foul Ball, location: 2F
3-2: Ground out 5-3 (Groundball, 56, EV 107.5 MPH)
Top of the 6th over - 0 runs, 1 hit, 0 errors, 2 left on base; Mahoning Valley 1 - Vermont 0
BOTTOM OF THE 6TH
Vermont Lake Monsters batting - Pitching for Mahoning Valley Scrappers : RHP Mike Staley
Batting: SHB Steve Salafia 0-0: Fly out, F7 (Flyball, 7, EV 88.8 MPH)
Batting: RHB Alberto Malagon 0-0: Ground out 6-3 (Groundball, 6S, EV 85.0 MPH)
Batting: RHB Tetsuya Shinoda 0-0: Foul Ball, location: 2F
0-1: Called Strike
0-2: Ball
1-2: Ball
2-2: Strikes out swinging
Bottom of the 6th over - 0 runs, 0 hits, 0 errors, 0 left on base; Mahoning Valley 1 - Vermont 0
TOP OF THE 7TH
Mahoning Valley Scrappers batting - Pitching for Vermont Lake Monsters : RHP Jesse Clark
Batting: RHB Chris Folse 0-0: Fly out, F8 (Flyball, 89M, EV 82.5 MPH)
Batting: LHB Dave Key 0-0: Ball
1-0: Ball
2-0: Foul Ball, location: 2F
2-1: Ground out U3 (Groundball, 3L, EV 106.2 MPH)
Batting: RHB Jonathan Livingston 0-0: Ball
1-0: Swinging Strike
1-1: Swinging Strike
1-2: Ball
2-2: Ground out U3 (Groundball, 34S, EV 65.6 MPH)
Top of the 7th over - 0 runs, 0 hits, 0 errors, 0 left on base; Mahoning Valley 1 - Vermont 0
BOTTOM OF THE 7TH
Vermont Lake Monsters batting - Pitching for Mahoning Valley Scrappers : RHP Mike Staley
Now in LF: Andy Lewis
Now in RF: Devon Grant
Batting: RHB Amare Brown 0-0: SINGLE (Groundball, 56D, EV 110.0 MPH)
Batting: RHB Ryan Jennings 0-0: Ball
1-0: Ball
2-0: Ball
3-0: Called Strike
3-1: Base on Balls
Amare Brown to second
Batting: RHB Edgardo Rivera 0-0: Ball
1-0: Fly out, F7 (Line Drive, 7, EV 94.4 MPH)
Pinch Hitting: LHB Brian Puccio 0-0: Ball
1-0: Called Strike
1-1: Swinging Strike
1-2: Foul Ball, location: 2F
1-2: Ball
Wild Pitch!
Amare Brown to third
Ryan Jennings to second
2-2: Ball
3-2: Strikes out swinging
Batting: RHB Jon Coleman 0-0: Ball
1-0: SINGLE (Groundball, 4D, EV 104.4 MPH)
Amare Brown scores
Ryan Jennings to third
Runner from 3rd tries for Home, SAFE, throw by CF to home
Batting: SHB Matt Sybrant 0-0: Called Strike
0-1: Swinging Strike
0-2: Ball
Wild Pitch!
Jon Coleman to second
1-2: Ball
2-2: Strikes out swinging
Bottom of the 7th over - 2 runs, 2 hits, 0 errors, 1 left on base; Mahoning Valley 1 - Vermont 2
TOP OF THE 8TH
Mahoning Valley Scrappers batting - Pitching for Vermont Lake Monsters : RHP Jesse Clark
Pitching: RHP Herman McPherson
Now in CF: Felipe Gomez
Batting: LHB Rich Walker 0-0: Called Strike
0-1: Ball
1-1: Called Strike
1-2: Ball
2-2: Foul Ball, location: 2F
2-2: Ball
3-2: Base on Balls
Pinch Hitting: LHB Hirakito Herring 0-0: Called Strike
0-1: Ball
1-1: Fly out, F9 (Flyball, 89D, EV 93.1 MPH)
Pitching: RHP Dave Magana
Batting: LHB Kazuyoshi Nakamura 0-0: Called Strike
0-1: Ball
1-1: Swinging Strike
1-2: Strikes out swinging
Pinch Hitting: LHB Vinny Carreno 0-0: Ball
1-0: Called Strike
1-1: Called Strike
1-2: Foul Ball, location: 2F
1-2: Foul Ball, location: 2F
1-2: Strikes out looking
Top of the 8th over - 0 runs, 0 hits, 0 errors, 1 left on base; Mahoning Valley 1 - Vermont 2
BOTTOM OF THE 8TH
Vermont Lake Monsters batting - Pitching for Mahoning Valley Scrappers : RHP Mike Staley
Now at 2B: Hirakito Herring
Now at SS: Andy Lewis
Now in LF: Devon Grant
Now in RF: Vinny Carreno
Batting: SHB Steve Salafia 0-0: Ball
1-0: Called Strike
1-1: Hit by Pitch
Batting: RHB Alberto Malagon 0-0: Bunted foul
0-1: Sac Bunt to 3S - play at first, batter safe!
Steve Salafia to second
Batting: RHB Tetsuya Shinoda 0-0: Ball
1-0: Bunted foul
1-1: Sac Bunt to 2L - play at first, batter OUT! 2-4
Steve Salafia to third
Alberto Malagon to second
Batting: RHB Amare Brown 0-0: Called Strike
0-1: Ball
1-1: SINGLE (Groundball, 56D, EV 110.0 MPH)
Steve Salafia scores
Alberto Malagon to third
Runner from 3rd tries for Home, SAFE, throw by LF to home
Batting: RHB Ryan Jennings 0-0: Fielders Choice at 2nd, 5-4 (Groundball, 5L, EV 103.1 MPH)
Batting: RHB Edgardo Rivera 0-0: Reached on error, E5 (Groundball, 56S, EV 85.0 MPH)
Ryan Jennings to second
Batting: LHB Felipe Gomez 0-0: Foul Ball, location: 2F
0-1: Ground out 2-3 (Groundball, 2L, EV 76.2 MPH)
Bottom of the 8th over - 2 runs, 2 hits, 1 error, 2 left on base; Mahoning Valley 1 - Vermont 4
TOP OF THE 9TH
Mahoning Valley Scrappers batting - Pitching for Vermont Lake Monsters : RHP Dave Magana
Pitching: RHP Bobby Feig
Batting: LHB Matt Steinke 0-0: Ball
1-0: SOLO HOME RUN (Flyball, 9D, EV 98.8 MPH), Distance : 378 ft
Pinch Hitting: LHB Ben Rubenacker 0-0: Ball
1-0: Foul Ball, location: 2F
1-1: SINGLE (Groundball, 4MS, EV 70.0 MPH) (infield hit)
Batting: LHB Devon Grant 0-0: Ball
1-0: Foul Ball, location: 2F
1-1: Ground out 6-3 (Groundball, 6D, EV 105.0 MPH)
Ben Rubenacker to second
Batting: LHB Dave Key 0-0: Called Strike
0-1: Ball
1-1: Ball
2-1: Foul Ball, location: 2F
2-2: Strikes out swinging
Pinch Hitting: LHB Dustin Taylor 0-0: Foul Ball, location: 2F
0-1: Foul Ball, location: 2F
0-2: Ball
Wild Pitch!
Ben Rubenacker to third
1-2: Ball
2-2: Strikes out looking
Top of the 9th over - 1 run, 2 hits, 0 errors, 1 left on base; Mahoning Valley 2 - Vermont 4
Sunday, July 16th , 2023 - OOTP Baseball 24.6 Build 69